AoeStats
← yoeyhoover

Nomad

505071892Analyzed
2v2 RM · 25d ago on Sep 7, 2026· 49m 22s· 4 players
Game mode
Random Map
Map size
176×176
Population
200
Speed
Normal
Resources
Standard
Victory
Conquest
Starting age
Dark Age
Ending age
Imperial Age
RankedLock teamsTeams togetherTeam positionsShared explorationLock speedFull tech treeHidden civsTurbo modeCheats
Victory
Defeat
🇦🇷 Japanese · Argentina
1083
+12
🇺🇸 Bulgarians · United States
1047
+14
🇬🇧 Dravidians · United Kingdom
998
-13
🇬🇧 Huns · United Kingdom
998
-13
yoeyhoover
5:13 Loom
14:17 Feudal Age
15:45 Scale Mail Armor
15:45 Arson
16:39 Forging
23:09 Castle Age
21:12 Fletching
23:27 Stone Mining
23:35 Double-Bit Axe
25:43 Bodkin Arrow
31:36 Horse Collar
34:04 Wheelbarrow
37:39 Imperial Age
35:24 Heavy Plow
36:09 Hand Cart
36:07 Scale Barding Armor
36:03 Husbandry
36:55 Chain Barding Armor
37:29 Gold Mining
37:55 Bow Saw
39:15 Iron Casting
40:24 Plate Barding Armor
40:08 Town Watch
43:24 Herbal Medicine
44:44 Gold Shaft Mining
44:17 Stirrups
47:37 Conscription
49:12 Ballistics
Gergis Khan
4:58 Loom
12:48 Feudal Age
13:14 Double-Bit Axe
20:37 Gold Mining
20:47 Fletching
23:04 Castle Age
25:00 Bow Saw
26:02 Careening
26:03 Clinker Construction
25:38 Horse Collar
27:23 Gold Shaft Mining
27:14 Bodkin Arrow
28:54 Medium Warships
29:51 Scale Mail Armor
30:01 Forging
29:37 Fishing Lines
29:46 Town Watch
34:49 Wheelbarrow
35:47 Gillnets
37:30 Chain Mail Armor
37:50 Iron Casting
39:46 Squires
39:31 Arson
40:54 Murder Holes
44:31 Imperial Age
44:54 Hand Cart
45:01 Padded Archer Armor
45:37 Conscription
44:38 Elite Samurai
Mr Kakoh
4:14 Loom
14:18 Feudal Age
14:47 Double-Bit Axe
14:55 Fishing Lines
19:19 Castle Age
17:35 Scale Mail Armor
19:25 Horse Collar
19:37 Stone Mining
19:39 Gold Mining
20:24 Bow Saw
20:19 Heavy Plow
21:23 Forging
21:44 Gillnets
23:28 Medium Warships
25:33 Wheelbarrow
34:45 Imperial Age
32:41 Demolition Ship
34:26 Hand Cart
35:11 Elite Urumi Swordsman
36:12 Conscription
38:51 Wootz Steel
39:55 Two-Man Saw
39:12 Hand Cart
38:54 Town Watch
40:12 Chain Mail Armor
40:38 Iron Casting
41:21 Town Patrol
41:58 Plate Mail Armor
44:22 Blast Furnace
46:55 Fletching
49:55 Chemistry
49:15 Bodkin Arrow
Henry VIII K/D
4:31 Loom
16:36 Feudal Age
20:36 Castle Age
19:09 Forging
18:52 Fletching
20:18 Padded Archer Armor
20:24 Scale Barding Armor
23:53 Murder Holes
40:46 Gold Mining
42:42 Town Watch
44:48 Wheelbarrow
44:47 Double-Bit Axe
44:45 Horse Collar
45:42 Leather Archer Armor
46:12 Stone Mining
47:00 Husbandry
48:23 Ballistics
48:52 Chain Barding Armor
Connection lost

Rejoining the realm…

Still unreachable

The connection could not be restored.

Session expired

The server has moved on; the page needs a fresh start.